[Event "Titled Tuesday Blitz November 22 Early 2022"]
[White "Khamdamova, Afruza"]
[Black "Nugumanov, Bakhtiyar"]
[WhiteFideId "14210444"]
[BlackFideId "13701797"]
[WhiteElo "2018"]
[BlackElo "2287"]
[Result "1-0"]
[Round "10"]
[TimeControl "180+1"]
[Date "2022.11.23"]
[WhiteClock "0:00:06"]
[BlackClock "0:00:04"]

1. e4 d6 2. d4 Nf6 3. Nc3 g6 4. Be3 a6 5. f3 b5 6. Qd2 Nbd7 7. O-O-O Nb6 8. g4 h5 9. g5 Nfd7 10. f4 Bb7 11. d5 Bg7 12. Bd4 O-O 13. Bxg7 Kxg7 14. Nf3 e5 15. f5 Rc8 16. Bd3 c5 17. dxc6 Rxc6 18. f6+ Kh7 19. Nh4 Nc5 20. Qe2 Nxd3+ 21. Rxd3 b4 22. Nd5 Nxd5 23. Rxd5 Rc5 24. Rd2 Qc7 25. Rhd1 Rc8 26. Kb1 Rc4 27. Ng2 Rxe4 28. Qf2 d5 29. Ne1 Rf4 30. Qg3 d4 31. Nd3 Rf5 32. Nxb4 a5 33. Nd3 e4 34. Qxc7 Rxc7 35. Ne1 e3 36. Rxd4 Rxg5 37. Nd3 Rg2 38. Rc1 Rxh2 39. Nf4 Kh6 40. Rd3 e2 41. Re3 1-0


[Site "https://www.chess.com"]

[Event "Titled Tuesday Blitz November 22 Early 2022"]
[White "Kilic, Eray"]
[Black "Decuigniere, Tom"]
[WhiteFideId "44517173"]
[BlackFideId "26093820"]
[WhiteElo "2328"]
[BlackElo "2252"]
[Result "1-0"]
[Round "10"]
[TimeControl "180+1"]
[Date "2022.11.23"]
[WhiteClock "0:01:56"]
[BlackClock "0:00:57"]

1. e4 c5 2. Nf3 g6 3. d4 cxd4 4. Nxd4 Nc6 5. Be3 Bg7 6. c4 Nf6 7. Nc3 O-O 8. Be2 d6 9. O-O Bd7 10. Rc1 Nxd4 11. Bxd4 Bc6 12. f3 a5 13. Qd2 Nd7 14. Rfd1 Bxd4+ 15. Qxd4 Qb6 16. Qxb6 Nxb6 17. Kf2 f5 18. exf5 gxf5 19. Nd5 Bxd5 20. cxd5 Rac8 21. Rxc8 Rxc8 22. Bd3 f4 23. Bf5 Rc5 24. Rd4 Kg7 25. Rxf4 Nxd5 26. Rg4+ Kf7 27. Bxh7 Nf6 28. Bg6+ Ke6 29. Rd4 Rb5 30. b3 d5 31. h4 Kd6 32. h5 e5 33. Rd1 Rc5 34. g4 Rc7 35. g5 Nd7 36. h6 Nf8 37. Be4 d4 38. g6 1-0


[Site "https://www.chess.com"]

[Event "Titled Tuesday Blitz November 22 Early 2022"]
[White "Kleiman, Jake"]
[Black "Vakhlamov, Igor L."]
[WhiteFideId "2020041"]
[BlackFideId "24126748"]
[WhiteElo "2593"]
[BlackElo "2401"]
[Result "1-0"]
[Round "10"]
[TimeControl "180+1"]
[Date "2022.11.23"]
[WhiteClock "0:00:25"]
[BlackClock "0:00:14"]

1. e4 c5 2. c3 Nf6 3. e5 Nd5 4. Bc4 Nb6 5. Bb3 Nc6 6. Nf3 d5 7. exd6 Qxd6 8. O-O Be6 9. Bxe6 Qxe6 10. a4 Qd7 11. a5 Nd5 12. a6 b6 13. d4 e6 14. Re1 Be7 15. Na3 Rd8 16. Nb5 O-O 17. Qa4 h6 18. Ne5 Nxe5 19. dxe5 Ra8 20. Be3 Nxe3 21. Rxe3 Rfd8 22. Re2 Qd3 23. Rae1 Bg5 24. Kf1 g6 25. g3 Qf3 26. Qe4 Qxe4 27. Rxe4 Kf8 28. h4 Be7 29. Ke2 Ke8 30. Nc7+ Kd7 31. Nxa8 Rxa8 32. c4 Kc6 33. Rd1 Rc8 34. Re3 Rc7 35. Red3 h5 36. Kf3 b5 37. Rd6+ Bxd6 38. Rxd6# 1-0


[Site "https://www.chess.com"]

[Event "Titled Tuesday Blitz November 22 Early 2022"]
[White "Korchmar, Vasiliy"]
[Black "Caruana, Fabiano"]
[WhiteFideId "24131750"]
[BlackFideId "2020009"]
[WhiteElo "2370"]
[BlackElo "2847"]
[Result "0-1"]
[Round "10"]
[TimeControl "180+1"]
[Date "2022.11.22"]
[WhiteClock "0:00:05"]
[BlackClock "0:01:31"]

1. e4 b6 2. d4 Bb7 3. Bd3 e6 4. Nf3 Nf6 5. Nbd2 d5 6. e5 Nfd7 7. O-O c5 8. c3 Nc6 9. Re1 Be7 10. Nf1 Qc7 11. a3 O-O-O 12. b4 c4 13. Bc2 Rdg8 14. a4 Qd8 15. a5 b5 16. a6 Ba8 17. Kh1 g5 18. Ng1 h5 19. f4 g4 20. f5 h4 21. h3 gxh3 22. Nxh3 Qf8 23. f6 Bd8 24. Bf4 Bb6 25. Nh2 Nxb4 26. cxb4 Qxb4 27. Rb1 Qa5 28. Ng5 h3 29. Nxf7 hxg2+ 30. Kg1 Rh4 31. Nd6+ Kb8 32. Rxb5 Qc3 33. f7 Rgh8 34. Qd2 Qxd2 35. Bxd2 Rxh2 0-1


[Site "https://www.chess.com"]

[Event "Titled Tuesday Blitz November 22 Early 2022"]
[White "Koridze, Lile"]
[Black "Gurevich, Dmitry"]
[WhiteFideId "13612514"]
[BlackFideId "2000407"]
[WhiteElo "2050"]
[BlackElo "2506"]
[Result "1-0"]
[Round "10"]
[TimeControl "180+1"]
[Date "2022.11.23"]
[WhiteClock "0:00:08"]
[BlackClock "0:00:01"]

1. d4 Nf6 2. c4 a6 3. Nc3 c5 4. d5 b5 5. cxb5 axb5 6. Nxb5 Qa5+ 7. Nc3 Bb7 8. Bd2 Qb6 9. e4 e6 10. Bc4 Nxe4 11. Nxe4 exd5 12. Nc3 dxc4 13. Nge2 d5 14. O-O d4 15. Nf4 dxc3 16. Re1+ Be7 17. Bxc3 O-O 18. Rxe7 Nc6 19. Qg4 Nd4 20. Ne2 Rad8 21. Re1 Qc6 22. f3 Bc8 23. Qg5 h6 24. Qe5 Qd6 25. Nf4 Qxe5 26. R7xe5 Nb5 27. Rxc5 Nxc3 28. bxc3 Rd2 29. Rxc4 Rxa2 30. Rc7 Ba6 31. c4 Rc2 32. c5 Rd8 33. Rc6 Bb7 34. Rb6 Ba8 35. Rb5 g5 36. Ne2 Rdd2 37. Rb8+ Kg7 38. Rxa8 Rxe2 39. Rxe2 Rxe2 40. c6 Rc2 41. Ra6 h5 42. g3 h4 43. gxh4 gxh4 44. h3 f6 45. Kf1 Kg6 46. Ke1 Rc4 47. Ke2 Kf5 48. Kd3 Rc5 49. Kd4 Rc1 50. Kd5 Kf4 51. Kd6 Kg3 52. c7 Rxc7 53. Kxc7 Kxh3 54. Rxf6 Kg3 55. Rh6 1-0


[Site "https://www.chess.com"]

[Event "Titled Tuesday Blitz November 22 Early 2022"]
[White "Kriti Mayur Patel"]
[Black "Lauridsen, Jesper Morch"]
[WhiteFideId "35061780"]
[BlackFideId "1401890"]
[WhiteElo "1306"]
[BlackElo "2227"]
[Result "0-1"]
[Round "10"]
[TimeControl "180+1"]
[Date "2022.11.23"]
[WhiteClock "0:00:00"]
[BlackClock "0:00:17"]

1. e4 e5 2. Nf3 Nc6 3. Bc4 Nf6 4. d3 Bc5 5. c3 d6 6. Nbd2 O-O 7. h3 Be6 8. Bb3 a6 9. Nf1 h6 10. Ng3 d5 11. Qe2 dxe4 12. dxe4 Qe7 13. O-O Rad8 14. Nh4 Bxb3 15. axb3 Nh7 16. Ngf5 Qf6 17. Qg4 Kh8 18. Kh1 Ne7 19. f4 exf4 20. Bxf4 g5 21. Bxc7 gxh4 22. Qh5 Qg5 23. Qxh6 Qxh6 24. Nxh6 Rd2 25. Nxf7+ Kg7 26. Be5+ Kg6 27. Nh8+ Kh5 28. Rxf8 Nxf8 29. Rf1 Rxb2 30. Nf7 Rf2 31. Rxf2 Bxf2 32. Bd6 Nfg6 33. e5 Bg3 34. e6 Bxd6 35. Nxd6 Nf4 36. Nxb7 Nxe6 37. c4 Kg5 38. Kg1 Kf4 39. Kf2 Nc6 40. c5 Ncd4 41. c6 Nxc6 42. Nd6 Ncd4 43. Nc4 Nc5 44. b4 Ne4+ 0-1


[Site "https://www.chess.com"]

[Event "Titled Tuesday Blitz November 22 Early 2022"]
[White "Krzywda, Andrzej"]
[Black "Janaszak, Dawid"]
[WhiteFideId "1114565"]
[BlackFideId "1119206"]
[WhiteElo "2149"]
[BlackElo "2226"]
[Result "1-0"]
[Round "10"]
[TimeControl "180+1"]
[Date "2022.11.23"]
[WhiteClock "0:00:29"]
[BlackClock "0:00:12"]

1. d4 Nf6 2. c4 g6 3. Nc3 Bg7 4. e4 d6 5. Nf3 O-O 6. Be2 Nbd7 7. O-O e5 8. Be3 Qe7 9. Re1 Ng4 10. Bg5 f6 11. Bc1 c6 12. Bf1 f5 13. Bg5 Ngf6 14. exf5 gxf5 15. Nh4 Nb8 16. Qf3 Qc7 17. dxe5 dxe5 18. Nxf5 Bxf5 19. Qxf5 Nbd7 20. Rad1 Rae8 21. Bd3 e4 22. Bc2 Nd5 23. Nxd5 cxd5 24. Qxd5+ Rf7 25. Rxe4 Rxe4 26. Qxe4 Nf8 27. c5 Qxc5 28. Bb3 Qxg5 29. h4 Qf6 30. Rd2 Bh6 31. Re2 Kg7 32. Bxf7 Qxf7 33. b3 Bf4 34. g3 Bd6 35. Rd2 Qf6 36. Qxb7+ Kg8 37. Qd5+ Ne6 38. Qxd6 Kg7 39. Re2 Qa1+ 40. Kh2 Nd4 41. Re7+ 1-0


[Site "https://www.chess.com"]

[Event "Titled Tuesday Blitz November 22 Early 2022"]
[White "Kulkarni, Vikramaditya"]
[Black "Malyi, Viacheslav"]
[WhiteFideId "5009847"]
[BlackFideId "14123983"]
[WhiteElo "2273"]
[BlackElo "2291"]
[Result "0-1"]
[Round "10"]
[TimeControl "180+1"]
[Date "2022.11.23"]
[WhiteClock "0:02:42"]
[BlackClock "0:02:31"]

1. e4 e5 2. Nf3 Nc6 3. Nc3 Nf6 4. d4 exd4 5. Nxd4 Bc5 6. Be3 Bb6 7. Nxc6 bxc6 8. Qd2 O-O 9. Bd3 d5 10. Bxb6 axb6 11. O-O dxe4 0-1


[Site "https://www.chess.com"]

[Event "Titled Tuesday Blitz November 22 Early 2022"]
[White "Kvaloy, Aksel Bu"]
[Black "Samunenkov, Ihor"]
[WhiteFideId "1528815"]
[BlackFideId "14187086"]
[WhiteElo "2184"]
[BlackElo "2441"]
[Result "1-0"]
[Round "10"]
[TimeControl "180+1"]
[Date "2022.11.22"]
[WhiteClock "0:00:46"]
[BlackClock "0:00:03"]

1. d4 d5 2. c4 e6 3. g3 Nf6 4. Nf3 dxc4 5. Bg2 c6 6. Ne5 Bb4+ 7. Bd2 Be7 8. e3 b5 9. Nxc6 Nxc6 10. Bxc6+ Bd7 11. Bxa8 Qxa8 12. f3 e5 13. dxe5 Ng4 14. O-O Nxe5 15. Bc3 Nd3 16. b3 O-O 17. bxc4 bxc4 18. Nd2 Qd5 19. Qe2 Bc5 20. Rfd1 Bb5 21. Rab1 Ba6 22. Ne4 Bb6 23. a4 f5 24. Nf2 Re8 25. e4 fxe4 26. fxe4 Rxe4 27. Qf1 Re7 28. a5 Bb7 29. axb6 Rf7 30. bxa7 h6 31. Rxb7 Qxb7 32. Ra1 Rxf2 33. a8=Q+ 1-0


[Site "https://www.chess.com"]

[Event "Titled Tuesday Blitz November 22 Early 2022"]
[White "Le, Tuan Minh"]
[Black "Tang, Andrew"]
[WhiteFideId "12401153"]
[BlackFideId "2059630"]
[WhiteElo "2530"]
[BlackElo "2581"]
[Result "1-0"]
[Round "10"]
[TimeControl "180+1"]
[Date "2022.11.22"]
[WhiteClock "0:00:23"]
[BlackClock "0:00:02"]

1. d4 d5 2. Nf3 Nf6 3. Bf4 Bf5 4. c4 e6 5. Nc3 Bb4 6. e3 Nc6 7. Bg5 h6 8. Bxf6 Qxf6 9. Rc1 Rd8 10. Qb3 O-O 11. Be2 dxc4 12. Qxc4 Ba5 13. O-O e5 14. d5 Ne7 15. Rfd1 a6 16. Ne4 Qb6 17. Nc5 Qxb2 18. e4 Bc8 19. Nb3 Bb6 20. a4 Qa3 21. a5 Bxa5 22. Ra1 1-0


[Site "https://www.chess.com"]

[Event "Titled Tuesday Blitz November 22 Early 2022"]
[White "Levitan, Caleb Levi"]
[Black "Jiganchine, Roman"]
[WhiteFideId "14332620"]
[BlackFideId "2603667"]
[WhiteElo "1963"]
[BlackElo "2307"]
[Result "1-0"]
[Round "10"]
[TimeControl "180+1"]
[Date "2022.11.23"]
[WhiteClock "0:00:20"]
[BlackClock "0:01:28"]

1. e4 c6 2. d4 d5 3. exd5 cxd5 4. Bd3 Nc6 5. c3 Nf6 6. Bf4 Bg4 7. Qb3 Qc8 8. Nd2 e6 9. Ngf3 Be7 10. O-O O-O 11. Ne5 Bh5 12. Rfe1 Nxe5 13. Bxe5 Nd7 14. Bg3 Bg6 15. Bxg6 hxg6 16. Nf3 a6 17. Qd1 b5 18. Bf4 b4 19. Rc1 Qb7 20. c4 dxc4 21. Rxc4 Bf6 22. Bg5 Rac8 23. Rxc8 Rxc8 24. Qd3 Qb5 25. Qxb5 axb5 26. Bxf6 Nxf6 27. Kf1 Nd5 28. g3 Ra8 29. Ra1 Rc8 30. Ne1 Rc2 31. Nxc2 1-0


[Site "https://www.chess.com"]

[Event "Titled Tuesday Blitz November 22 Early 2022"]
[White "Ljukin, Sergei"]
[Black "Makhmudov, Shukhrat"]
[WhiteFideId "14102200"]
[BlackFideId "14200775"]
[WhiteElo "2312"]
[BlackElo "2135"]
[Result "1-0"]
[Round "10"]
[TimeControl "180+1"]
[Date "2022.11.23"]
[WhiteClock "0:02:01"]
[BlackClock "0:00:29"]

1. e4 e5 2. Nf3 Nc6 3. Bb5 a6 4. Ba4 Nf6 5. Qe2 b5 6. Bb3 Be7 7. c3 d6 8. O-O Na5 9. Bc2 c5 10. d4 Nc6 11. dxe5 dxe5 12. Rd1 Qc7 13. Nbd2 c4 14. Nf1 O-O 15. Ne3 Bc5 16. Nd5 Qd8 17. Bg5 Bd7 18. Bxf6 gxf6 19. Nh4 Kh8 20. Nf5 Bxf5 21. exf5 Rg8 22. Qh5 Ra7 23. Be4 Rg5 24. Qh6 Ne7 25. Nxf6 Bxf2+ 26. Kh1 1-0


[Site "https://www.chess.com"]

[Event "Titled Tuesday Blitz November 22 Early 2022"]
[White "Martin, Lewis"]
[Black "Zacurdajev, Dmitry"]
[WhiteFideId "410551"]
[BlackFideId "4196309"]
[WhiteElo "2145"]
[BlackElo "2179"]
[Result "0-1"]
[Round "10"]
[TimeControl "180+1"]
[Date "2022.11.23"]
[WhiteClock "0:00:15"]
[BlackClock "0:00:06"]

1. e4 c6 2. d4 d5 3. Nc3 dxe4 4. Nxe4 Nf6 5. Nxf6+ exf6 6. c3 Bd6 7. Qc2 Na6 8. Bd3 Nc7 9. Ne2 h5 10. Be3 Be6 11. b3 Kf8 12. h3 Nd5 13. O-O-O Qa5 14. Kb1 b5 15. Bd2 Qb6 16. c4 bxc4 17. Bxc4 a5 18. a4 Rb8 19. Nc1 g6 20. Ka2 Kg7 21. Nd3 Bf5 22. f3 Bb4 23. g4 hxg4 24. hxg4 Bxd2 25. Qxd2 Bxd3 26. Rxh8 Rxh8 27. Bxd3 Rb8 28. Bc4 Nb4+ 29. Kb1 Rh8 30. Re1 Qc7 31. Re2 Rh1+ 32. Kb2 Qg3 33. Re7 Qg1 34. Rxf7+ Kg8 35. Rxf6+ Nd5 36. Bxd5+ cxd5 37. Rxg6+ Kf7 38. Qg5 Qb1+ 39. Kc3 Rc1+ 40. Kd2 Rc2+ 41. Ke3 Qc1+ 42. Kd3 Rc3+ 43. Ke2 Qb2+ 44. Qd2 Rc2 0-1


[Site "https://www.chess.com"]

[Event "Titled Tuesday Blitz November 22 Early 2022"]
[White "Matveeva, Olga"]
[Black "Skibbe, Willi"]
[WhiteFideId "24107018"]
[BlackFideId "4682190"]
[WhiteElo "2055"]
[BlackElo "2366"]
[Result "1-0"]
[Round "10"]
[TimeControl "180+1"]
[Date "2022.11.23"]
[WhiteClock "0:02:05"]
[BlackClock "0:01:52"]

1. d4 d5 2. c4 e6 3. Nf3 Nf6 4. g3 Bb4+ 5. Bd2 a5 6. Bg2 O-O 7. O-O c5 8. dxc5 d4 9. Bxb4 axb4 10. Qxd4 Qa5 11. Rd1 Nc6 12. Qh4 Qxc5 13. Nbd2 e5 14. Ng5 h6 15. Nge4 Nxe4 16. Nxe4 Qxc4 17. Nf6+ 1-0


[Site "https://www.chess.com"]

[Event "Titled Tuesday Blitz November 22 Early 2022"]
[White "Mohammed, Zozek Salah Mohammed"]
[Black "Manon-og, Ramon Jr."]
[WhiteFideId "4803361"]
[BlackFideId "5200776"]
[WhiteElo "2199"]
[BlackElo "2314"]
[Result "1/2-1/2"]
[Round "10"]
[TimeControl "180+1"]
[Date "2022.11.23"]
[WhiteClock "0:00:07"]
[BlackClock "0:00:05"]

1. d4 Nf6 2. Nf3 g6 3. g3 Bg7 4. Bg2 c6 5. O-O O-O 6. c4 d5 7. cxd5 cxd5 8. Ne5 Ne4 9. Nc3 Nxc3 10. bxc3 Nc6 11. Nxc6 bxc6 12. e4 e6 13. e5 Ba6 14. Re1 c5 15. Ba3 Qa5 16. Bxc5 Rfc8 17. Bb4 Qc7 18. Qa4 Bd3 19. Qa5 Qc6 20. Bf1 Be4 21. Bb5 Qb7 22. Ba6 Qd7 23. Bxc8 Qxc8 24. Qc5 Qd8 25. a4 Qg5 26. Rxe4 dxe4 27. Qc6 Rd8 28. Qxe4 Bf8 29. Bxf8 Kxf8 30. Rd1 Qe7 31. Qc6 Qa3 32. Rb1 Kg8 33. Rb7 Qc1+ 34. Kg2 a5 35. h4 Qc2 36. Qf3 Rf8 37. h5 gxh5 38. Qxh5 Qxa4 39. Qg5+ Kh8 40. Qf6+ Kg8 41. Rb1 Qc2 42. Rh1 Qe4+ 43. Qf3 Qg6 44. Rh4 Kh8 45. Rg4 Qh6 46. Qe4 a4 47. d5 exd5 48. Qxa4 Qe6 49. Qd4 Rc8 50. Rh4 Rc4 51. Qa7 Rxh4 52. Qb8+ Kg7 53. gxh4 Qg4+ 54. Kf1 Qd1+ 55. Kg2 Qg4+ 56. Kf1 Qd1+ 57. Kg2 Qg4+ 1/2-1/2


[Site "https://www.chess.com"]

[Event "Titled Tuesday Blitz November 22 Early 2022"]
[White "Muminova, Nafisa"]
[Black "Hartikainen, Jarmo"]
[WhiteFideId "14201526"]
[BlackFideId "503134"]
[WhiteElo "2258"]
[BlackElo "2204"]
[Result "1-0"]
[Round "10"]
[TimeControl "180+1"]
[Date "2022.11.23"]
[WhiteClock "0:00:18"]
[BlackClock "0:00:01"]

1. e4 c5 2. Nf3 d6 3. d4 cxd4 4. Nxd4 Nf6 5. Nc3 Nc6 6. Be2 e5 7. Nb3 h6 8. O-O Be7 9. f4 O-O 10. f5 a5 11. Be3 a4 12. Nc1 d5 13. exd5 Nb4 14. Bc4 b5 15. Bxb5 Nbxd5 16. Nxd5 Nxd5 17. Bf2 Bb7 18. Nd3 Qc7 19. c4 Nf4 20. Nxf4 exf4 21. Qd7 Qxd7 22. Bxd7 Rfd8 23. Rad1 Bf6 24. b3 axb3 25. axb3 Ra2 26. Rfe1 Rb2 27. Ba4 Rdd2 28. Rxd2 Rxd2 29. c5 Bc3 30. c6 Bxc6 31. Bxc6 Rd6 32. Re8+ Kh7 33. Bf3 Ra6 34. h3 Ra1+ 35. Kh2 Rb1 36. Bd5 g6 37. Bxf7 g5 38. Bd5 Kg7 39. Re2 1-0


[Site "https://www.chess.com"]

[Event "Titled Tuesday Blitz November 22 Early 2022"]
[White "Nanditha, V"]
[Black "Arbunic Castro, Giovanna"]
[WhiteFideId "46626697"]
[BlackFideId "3400549"]
[WhiteElo "1564"]
[BlackElo "1969"]
[Result "1-0"]
[Round "10"]
[TimeControl "180+1"]
[Date "2022.11.23"]
[WhiteClock "0:00:06"]
[BlackClock "0:00:02"]

1. e4 g6 2. Nf3 Bg7 3. d4 c5 4. c3 d5 5. e5 cxd4 6. cxd4 Nc6 7. Nc3 Nh6 8. Bb5 Nf5 9. O-O O-O 10. Bg5 h6 11. Bh4 Nxh4 12. Nxh4 e6 13. g3 Qb6 14. Nf3 f6 15. Qd3 Kh7 16. Nh4 f5 17. Nf3 Bd7 18. Rab1 Be8 19. Na4 Qd8 20. Nc5 Qe7 21. Rfc1 g5 22. b4 Bg6 23. Rb2 f4 24. Qe2 fxg3 25. fxg3 Bh5 26. Rf1 Nxd4 27. Nxd4 Bxe2 28. Bxe2 Bxe5 29. Rd2 Rxf1+ 30. Bxf1 Bxd4+ 31. Rxd4 Rd8 32. Bh3 e5 33. Rd2 Rd6 34. Rf2 Rf6 35. Bf5+ Kh8 36. g4 e4 37. Kf1 e3 38. Rc2 d4 39. Ke2 Qe5 40. Kd3 Rxf5 41. gxf5 Qxf5+ 42. Ne4 Qf1+ 43. Kxd4 e2 44. Rc8+ Kg7 45. Rc7+ Kg6 46. Rd7 Kh5 47. Rd6 e1=Q 48. Ng3+ Kg4 49. Rxh6 Qxg3 50. hxg3 Qd1+ 51. Kc5 Qc1+ 52. Kb5 Kxg3 53. Rg6 g4 54. Rg7 Qd2 55. Rxb7 Qd5+ 56. Ka6 Kf3 57. Rxa7 g3 58. b5 g2 59. Rg7 Qd6+ 60. b6 Qe5 61. Rg8 Qb2 62. Rxg2 Kxg2 63. a4 Qe2+ 64. Ka7 Qc4 65. a5 Qb5 66. a6 Qd7+ 67. b7 Qc7 68. Ka8 Qb6 69. a7 1-0


[Site "https://www.chess.com"]

[Event "Titled Tuesday Blitz November 22 Early 2022"]
[White "Narayanan, Srinath"]
[Black "Tologon tegin, Semetei"]
[WhiteFideId "5018420"]
[BlackFideId "13800574"]
[WhiteElo "2459"]
[BlackElo "2282"]
[Result "1-0"]
[Round "10"]
[TimeControl "180+1"]
[Date "2022.11.23"]
[WhiteClock "0:00:31"]
[BlackClock "0:00:05"]

1. Nf3 d5 2. e3 Nf6 3. c4 e6 4. Nc3 Be7 5. b3 O-O 6. Bb2 b6 7. d4 Bb7 8. g3 Nbd7 9. cxd5 Nxd5 10. Nxd5 Bxd5 11. Bg2 Bb4+ 12. Kf1 Qc8 13. h4 Qb7 14. h5 h6 15. Rh4 Be7 16. Rh2 Bf6 17. Rc1 c5 18. Kg1 Rac8 19. g4 Rfd8 20. g5 hxg5 21. h6 cxd4 22. Rxc8 Rxc8 23. Bxd4 g4 24. hxg7 Kxg7 25. Ng5 Ne5 26. Rh7+ Kg6 27. Bxe5 Kxg5 28. Bf4+ Kf5 29. Qd3+ Be4 30. Rh5+ Bg5 31. Rxg5+ Kf6 32. Bxe4 Rc1+ 33. Kg2 Qc8 34. Qd4+ Ke7 35. Bd6+ Kd7 36. Ba3+ Kc7 37. Qd6# 1-0


[Site "https://www.chess.com"]

[Event "Titled Tuesday Blitz November 22 Early 2022"]
[White "Nguyen Hong Nhung"]
[Black "Hambleton, Aman"]
[WhiteFideId "12412201"]
[BlackFideId "2606577"]
[WhiteElo "1904"]
[BlackElo "2538"]
[Result "0-1"]
[Round "10"]
[TimeControl "180+1"]
[Date "2022.11.23"]
[WhiteClock "0:00:02"]
[BlackClock "0:00:03"]

1. e4 c5 2. Nc3 e6 3. f4 a6 4. a4 d5 5. d3 Nf6 6. Nf3 Nc6 7. g3 dxe4 8. Nxe4 Nxe4 9. dxe4 Qxd1+ 10. Kxd1 b6 11. c3 Bb7 12. Kc2 Nd4+ 13. cxd4 Bxe4+ 14. Bd3 Bxf3 15. Rf1 Bg2 16. Rf2 Bd5 17. dxc5 Bxc5 18. Re2 O-O 19. Bd2 Rfc8 20. Bc3 a5 21. Bb5 Rc7 22. Kd2 Rd8 23. Ke1 f6 24. Rd1 Kf7 25. Red2 g6 26. g4 Rdc8 27. h3 Be3 28. Rd3 Bxf4 29. Kf2 g5 30. Kg1 Kg6 31. Bd4 Rc2 32. Bf2 Rxb2 33. Bxb6 Rg2+ 34. Kf1 Rcc2 35. Rxd5 exd5 36. Bd3+ Kf7 37. Bxc2 Rxc2 38. Rxd5 Ra2 39. Rxa5 Ra3 40. Ra7+ Kg6 41. Bc5 Rxh3 42. a5 Rf3+ 43. Ke2 Rg3 44. Bf8 Rxg4 45. Rg7+ Kf5 46. Rxh7 Rg2+ 47. Kf1 Ra2 48. Bb4 g4 49. Rg7 Be5 50. Rg8 Kf4 51. Ra8 Kf3 0-1


[Site "https://www.chess.com"]

[Event "Titled Tuesday Blitz November 22 Early 2022"]
[White "Odinaev, Timur"]
[Black "Goncalves, Davi Sulzbacher"]
[WhiteFideId "4163770"]
[BlackFideId "2154510"]
[WhiteElo "2306"]
[BlackElo "2182"]
[Result "0-1"]
[Round "10"]
[TimeControl "180+1"]
[Date "2022.11.23"]
[WhiteClock "0:00:05"]
[BlackClock "0:01:58"]

1. e4 c6 2. d4 d5 3. Nc3 dxe4 4. Bc4 Nf6 5. f3 b5 6. Bb3 e6 7. fxe4 b4 8. Nce2 Nxe4 9. Nf3 Bd6 10. O-O O-O 11. Qd3 f5 12. Nf4 Bxf4 13. Bxf4 Ba6 14. Bxe6+ Kh8 15. Qe3 Qe7 16. d5 Bxf1 17. Rxf1 Nd7 18. Ng5 cxd5 19. Bxd5 Rae8 20. Qh3 Nxg5 21. Bxg5 Qxg5 22. Qd3 Qe3+ 23. Qxe3 Rxe3 24. Bc6 Ne5 25. Bd5 Re2 26. Bb3 f4 0-1


[Site "https://www.chess.com"]

[Event "Titled Tuesday Blitz November 22 Early 2022"]
[White "Omariev, Maksim"]
[Black "Palacio,Igor Da Paz"]
[WhiteFideId "4193423"]
[BlackFideId "2121140"]
[WhiteElo "2406"]
[BlackElo "2126"]
[Result "1-0"]
[Round "10"]
[TimeControl "180+1"]
[Date "2022.11.23"]
[WhiteClock "0:00:44"]
[BlackClock "0:00:01"]

1. g4 h6 2. Bg2 g6 3. d4 Bg7 4. c4 c5 5. d5 d6 6. e4 Qb6 7. Nc3 Nf6 8. h3 a6 9. Nge2 O-O 10. O-O e5 11. f4 exf4 12. Bxf4 Nfd7 13. Qd2 Kh7 14. Rf2 Ne5 15. b3 Nbd7 16. Raf1 Qd8 17. Ng3 Rb8 18. a4 Qe7 19. g5 h5 20. h4 Ng4 21. Re2 Nde5 22. Bh3 Bd7 23. Bxg4 Bxg4 24. Ref2 Bd7 25. Nd1 b5 26. axb5 axb5 27. Ne3 bxc4 28. bxc4 Rb2 29. Qd1 Rxf2 30. Rxf2 Ng4 31. Nxg4 Bxg4 32. Qf1 Bd4 33. Kg2 Bxf2 34. Qxf2 Rb8 35. e5 dxe5 36. Be3 Rb3 37. Ne4 Qb7 38. Nxc5 Rb2 39. Nxb7 Rxf2+ 40. Kxf2 Kg7 41. Nd6 f5 42. c5 f4 43. Bd2 1-0


[Site "https://www.chess.com"]

[Event "Titled Tuesday Blitz November 22 Early 2022"]
[White "Orlov, Georgi"]
[Black "Thorhallsson, Simon"]
[WhiteFideId "2011271"]
[BlackFideId "2310090"]
[WhiteElo "2542"]
[BlackElo "2109"]
[Result "1/2-1/2"]
[Round "10"]
[TimeControl "180+1"]
[Date "2022.11.23"]
[WhiteClock "0:01:35"]
[BlackClock "0:00:49"]

1. d4 Nf6 2. Nf3 e6 3. c4 Bb4+ 4. Bd2 Qe7 5. Nc3 Nc6 6. a3 Bxc3 7. Bxc3 Ne4 8. Qc2 Nxc3 9. Qxc3 d6 10. e3 O-O 11. b4 e5 12. dxe5 Nxe5 13. Nxe5 Qxe5 14. Qxe5 dxe5 15. Be2 Be6 16. O-O Rad8 17. Rfd1 f6 18. f4 Kf7 19. c5 Ke7 20. Bf3 c6 21. b5 Rxd1+ 22. Rxd1 Rd8 23. Rxd8 Kxd8 24. bxc6 bxc6 25. Bxc6 Kc7 26. Bb5 Bd7 27. a4 a6 28. Bxa6 Bxa4 29. Bd3 h6 30. fxe5 fxe5 31. Kf2 Kc6 32. Kf3 Kxc5 33. Kg4 Kd5 34. Kf5 Be8 35. Be4+ Kd6 36. h4 Bf7 37. Bf3 Be8 38. g4 Bf7 39. g5 hxg5 40. hxg5 Be8 41. Bd1 Bf7 42. Ba4 Bh5 43. Bb3 Be8 44. Bg8 Bh5 45. Bh7 Be8 46. Bg8 Bh5 47. Bb3 Be8 48. Bg8 1/2-1/2


[Site "https://www.chess.com"]

[Event "Titled Tuesday Blitz November 22 Early 2022"]
[White "Osinovsky, Stepan"]
[Black "Al-Tarboush, Ward"]
[WhiteFideId "4157354"]
[BlackFideId "7601450"]
[WhiteElo "2222"]
[BlackElo "2273"]
[Result "1-0"]
[Round "10"]
[TimeControl "180+1"]
[Date "2022.11.23"]
[WhiteClock "0:00:11"]
[BlackClock "0:01:01"]

1. Nf3 d5 2. g3 c6 3. Bg2 Nf6 4. O-O Bf5 5. d3 e6 6. Nbd2 h6 7. b3 Nbd7 8. Bb2 Be7 9. e4 dxe4 10. dxe4 Nxe4 11. Nxe4 Bxe4 12. Bxg7 Rg8 13. Bxh6 Qa5 14. Qd4 f5 15. Bd2 Qa6 16. Be3 O-O-O 17. Nd2 Bf6 18. Qd6 Bxg2 19. Kxg2 Bxa1 20. Rxa1 e5 21. Nc4 f4 22. Bd2 Qb5 23. Re1 fxg3 24. hxg3 e4 25. Bf4 Ne5 26. Qe6+ Kb8 27. Qxe5+ Qxe5 28. Bxe5+ Ka8 29. Rxe4 Rd1 30. Nb6+ 1-0


[Site "https://www.chess.com"]

[Event "Titled Tuesday Blitz November 22 Early 2022"]
[White "Osmak, Yuliia"]
[Black "Kopylov, Alexander A."]
[WhiteFideId "14101602"]
[BlackFideId "4164857"]
[WhiteElo "2328"]
[BlackElo "2436"]
[Result "0-1"]
[Round "10"]
[TimeControl "180+1"]
[Date "2022.11.23"]
[WhiteClock "0:00:07"]
[BlackClock "0:00:14"]

1. d4 Nf6 2. c4 e6 3. Nc3 Bb4 4. e3 O-O 5. Ne2 Re8 6. a3 Bf8 7. Ng3 c5 8. d5 exd5 9. cxd5 d6 10. Be2 a6 11. a4 Nbd7 12. O-O b6 13. e4 Bb7 14. f4 Qc7 15. Bf3 Rad8 16. b3 g6 17. Bb2 Bg7 18. Qc2 Qb8 19. Rae1 b5 20. axb5 axb5 21. h3 b4 22. Nd1 Ba6 23. Be2 c4 24. Bxc4 Bxc4 25. Qxc4 Rc8 26. Qa6 Nc5 27. Qa1 Nxb3 28. Qa2 Qb6+ 29. Kh2 Nd2 30. Rf2 Ra8 31. Bd4 Rxa2 32. Bxb6 b3 33. Nc3 Rc2 34. Nb1 Ndxe4 35. Nxe4 Rxe4 36. Rxe4 Nxe4 37. Rf1 b2 38. f5 Be5+ 39. Kg1 Nc3 40. Nxc3 Bxc3 41. Be3 Re2 42. Bh6 Re1 43. fxg6 hxg6 0-1


[Site "https://www.chess.com"]